 Dungeon Crawl Stone Soup version 0.31-a0-925-g0a390f2509 (webtiles) character file.

Game seed: 9817966428786720567

39 mortress the Ruffian (level 3, -1/29 HPs)
             Began as a Draconian Shapeshifter on Oct 18, 2023.
             Succumbed to a water moccasin's poison
             ... on level 3 of the Dungeon.
             The game lasted 00:03:11 (1655 turns).

mortress the Ruffian (Draconian Shapeshifter)       Turns: 1655, Time: 00:03:12

Health: -1/29      AC:  5    Str: 18    XL:     3   Next: 28%
Magic:  3/3        EV: 12    Int: 10    God:
Gold:   89         SH:  0    Dex: 10    Spells: 2/2 levels left

rFire   . .          .
                       - Unarmed
rCold   . . .        (no shield)
rNeg    . . .        (body armour unavailable)
rPois   .            (helmet currently unavailable)
rElec   .            (cloak currently unavailable)
rCorr   .            (gloves currently unavailable)
SInv    .            (boots currently unavailable)
Will    .....        (no amulet)
Stlth   +            (no ring)
HPRegen 0.24/turn    (no ring)
MPRegen 0.08/turn

%: no passive effects
@: lethally poisoned (-1 -> -22), beast-form
A: beast (slay +1), AC +5, unfitting armour, cold-blooded
a: Begin Untransformation


You were on level 3 of the Dungeon.
You were a hulking beast.
You visited 1 branch of the dungeon, and saw 3 of its levels.

You collected 89 gold pieces.

Inventory:

Missiles
 p - 6 poisoned darts
Armour
 j - a scarf of resistance
 m - a +0 helmet
Talismans
 b - a beast talisman (active)
 c - a flux talisman
Scrolls
 e - a scroll of blinking {unknown}
 h - 2 scrolls of identify {unknown}
 k - a scroll of noise {unknown}
 l - a scroll of enchant weapon {unknown}
 n - a scroll of enchant armour {unknown}
Potions
 a - a potion of lignification
 d - a potion of heal wounds {unknown}
 f - 3 potions of enlightenment {unknown}
 g - 4 potions of curing {unknown}
 i - a potion of degeneration {unknown}
 o - a potion of might {unknown}


   Skills:
 + Level 1.9 Fighting
 + Level 2.2 Dodging
 * Level 3.4 Unarmed Combat
 + Level 3.3 Shapeshifting


You had 2 spell levels left.
You didn't know any spells.
Your spell library contained the following spells:

 Spells                   Type           Power      Damage    Failure   Level
 Shock                    Conj/Air       0%         1d3       36%         1
 Swiftness                Air            0%         N/A       75%         3
 Airstrike                Air            0%         2d(0-16)  98%         4


Dungeon Overview and Level Annotations

Branches:
Dungeon (3/15)

Altars:

Shops:
D:2 *


Innate Abilities, Weirdness & Mutations

You are a hulking beast.
Your limbs bulge with bestial killing power. (Slay +1)
Your plain brown scales are hard. (AC +5)
You cannot fit into any form of body armour.
You are cold-blooded and may be slowed by cold attacks.


Message History

Found 4 poisoned darts.
There is a stone staircase leading down here.
o - a murky pink potion You see here 4 poisoned darts.
p - 4 poisoned darts
p - 6 poisoned darts (gained 2)
Things that are here:
a +0 short sword; a hobgoblin corpse
Found an escape hatch in the floor.
A water moccasin comes into view.
The water moccasin hisses angrily.
The water moccasin moves out of view.
You hit the water moccasin.
The water moccasin is lightly wounded.
The water moccasin barely misses you.
The water moccasin bites you but does no damage.
You miss the water moccasin.
Your tail-slap misses the water moccasin.
The water moccasin bites you.
You are poisoned.
The water moccasin poisons you!
You closely miss the water moccasin. You tail-slap the water moccasin.
The water moccasin is lightly wounded.
You feel very sick.
The water moccasin bites you but does no damage.
You hit the water moccasin.
The water moccasin is moderately wounded.
You feel very sick. The water moccasin bites you.
You closely miss the water moccasin.
Your tail-slap misses the water moccasin.
Your punch misses the water moccasin.
The water moccasin is moderately wounded.
You feel sick. The water moccasin bites you. x2
* * * LOW HITPOINT WARNING * * *
You are more poisoned.
The water moccasin poisons you!
You hit the water moccasin.
The water moccasin is moderately wounded.
You die...

.......# #...#.##.#
#.......# ##.......#
#.......# #.......#
#.......# #....#.##
#.......# #..#.#.#
#....#..# #....#.#
#.......# #......#
#.##S#.# ###.#### #
#....h.# #.#
....###.##### #.#
............# ##)#####
.##.#.#.###.#
#......####
#.#.###.###..##......
.............##..###.
##..####.###.#.....##.
... #.# #.#.#......
##.. >.# #.#.#..###.


You could see a water moccasin.

Vanquished Creatures
  An adder (D:2)
  3 endoplasms
  2 giant cockroaches (D:1)
  2 goblins
  4 hobgoblins
  A quokka (D:1)
  2 ball pythons
  4 bats
  A frilled lizard (D:1)
  6 kobolds
  3 rats
29 creatures vanquished.

Notes
Turn   | Place    | Note
-------+----------+-------------------------------------------
     0 | D:1      | mortress the Draconian Shapeshifter began the quest for the
                  | Orb.
     0 | D:1      | Reached XP level 1. HP: 16/16 MP: 1/1
   264 | D:1      | Reached XP level 2. HP: 23/23 MP: 2/2
   727 | D:2      | Found a faded altar of an unknown god.
   959 | D:2      | Found Meekhlisch's Assorted Antiques.
  1348 | D:2      | Reached XP level 3. HP: 29/29 MP: 3/3
  1647 | D:3      | Noticed a water moccasin
  1655 | D:3      | Succumbed to a water moccasin's poison

Illustrated notes

Levels and vault maps discovered:
D:1:      mainiacjoe_arrival_oval_in_oval, layout_loops_cross
D:2:      layout_loops_corners, serial_shops, nicolae_shop_waterfront,
          hellmonk_ecumenical_altar_run_dry, amethyst_killhole
D:3:      layout_loops_cross, mainiacjoe_overflow_surrounded_room, serial_shops,
          nicolae_shop_real_fake_doors

Skill      XL: |  1 |
---------------+----+-----
Dodging        | 2 |  2.2
Fighting       | |  1.9
Unarmed Combat | |  3.4
Shapeshifting  | |  3.3

Action                     || total
---------------------------++-------
  Melee: Unarmed           ||    83
         Tailslap          ||     8
   Stab: Sleeping          ||     3
 Armour: Skin              ||    31
  Dodge: Dodged            ||    40

Table legend: (Time is in decaauts)
 A = Elapsed time spent in this place.
 B = Non-inter-level travel time spent in this place.
 C = Inter-level travel time spent in this place.
 D = Time resting spent in this place.
 E = Time spent auto-exploring this place.
 F = Levels seen in this place.
 G = Mean time per level.
                   A        B        C        D        E       F      G
               +--------+--------+--------+--------+--------+-----+--------+
         Total |   1650 |   1608 |     42 |      0 |   1307 |   3 |  550.0 |
       Dungeon |   1650 |   1608 |     42 |      0 |   1307 |   3 |  550.0 |
               +--------+--------+--------+--------+--------+-----+--------+

Top non-repeatable levels by time:
     D:2: 900 daAuts
     D:1: 625 daAuts
     D:3: 124 daAuts
